 Dungeon Crawl Stone Soup version 0.31-a0-237-g2d982f9f85 (webtiles) character file.

Game seed: 9769992283081827339

65589 Shard1697 the Cleaver (level 16, -11/220 HPs)
             Began as a Meteoran Berserker on July 11, 2023.
             Was a High Priest of Trog.
             Mangled by a salamander
             ... wielding a +0 trident
              (13 damage)
             ... on level 1 of the Snake Pit.
             The game lasted 00:52:01 (10244 turns).

Shard1697 the Cleaver (Meteoran Berserker)         Turns: 10244, Time: 00:52:01

Health: -11/220    AC: 28    Str: 27    XL:     16   Next: 6%
Magic:  0/17       EV: 12    Int:  8    God:    Trog [*****.]
Gold:   1195       SH:  0    Dex: 15    Spells: 15/15 levels left

rFire   . . .        a - +3 lajatang (elec)
rCold   . . .        (shield currently unavailable)
rNeg    . . .        C - +4 plate armour
rPois   +            (no helmet)
rElec   .            l - +0 cloak
rCorr   .            c - +2 pair of gloves
SInv    .            (no boots)
Will    ++...        t - amulet of regeneration Stlth
                     g - ring of poison resistance
HPRegen 1.36/turn    K - +4 ring of protection
MPRegen 0.15/turn

%: no passive effects
@: berserking, lethally poisoned (-11 -> -15), glowing, very quick
A: sense surroundings 2, otherworldly, glowing, explore regen
a: Renounce Religion, Berserk, Trog's Hand, Brothers in Arms


You were on level 1 of the Snake Pit.
You worshipped Trog.
Trog was extremely pleased with you.
You visited 3 branches of the dungeon, and saw 18 of its levels.
You also visited: Sewer and Ice Cave.

You collected 1215 gold pieces.
You spent 20 gold pieces at shops.

Inventory:

Hand Weapons
 a - a +3 lajatang of electrocution (weapon)
 b - a +2 antimagic battleaxe
 s - a +4 morningstar
Missiles
 i - a throwing net
Armour
 c - a +2 pair of gloves (worn)
 l - a +0 cloak (worn)
 u - a +2 ring mail of poison resistance
 B - the +3 leather armour "Gipn" {rF- rC+++ rN+ Will+}
   (You found it on level 11 of the Dungeon)

   rF:        It makes you vulnerable to fire.
   rC:        It renders you almost immune to cold.
   rN:        It protects you from negative energy.
   Will:      It increases your willpower.
 C - a +4 plate armour (worn)
 H - a +2 buckler of cold resistance
Jewellery
 g - a ring of poison resistance (left hand)
 k - a ring of magical power
 t - an amulet of regeneration (around neck)
 v - the ring of the Demon Prince {rN+ Int-4 Dex+5 SInv}
   (You found it on level 5 of the Lair of Beasts)

   [ring of see invisible]

   Int:       It affects your intelligence (-4).
   Dex:       It affects your dexterity (+5).
   rN:        It protects you from negative energy.
   SInv:      It lets you see invisible.
 K - a +4 ring of protection (right hand)
Wands
 m - a wand of charming (7)
 n - a wand of polymorph (6)
 o - a wand of iceblast (19)
 w - a wand of quicksilver (10)
 F - a wand of mindburst (17)
 L - a wand of flame (6)
Scrolls
 f - 3 scrolls of teleportation
 h - a scroll of blinking
 j - 5 scrolls of fog
 y - 2 scrolls of poison
 A - 2 scrolls of immolation
 D - 2 scrolls of enchant armour
 G - 2 scrolls of fear
 M - a scroll of revelation
Potions
 d - 2 potions of might
 e - 5 potions of curing
 p - 2 potions of magic
 q - 2 potions of haste
 r - 3 potions of mutation
 x - 4 potions of heal wounds
 z - 2 potions of ambrosia
 I - 3 potions of lignification
 J - a potion of cancellation
Miscellaneous
 E - a phantom mirror


   Skills:
 * Level 14.4 Fighting
 + Level 14.9 Axes
 - Level 14.0 Staves
 + Level 11.9 Armour
 - Level 10.3 Dodging
 + Level 11.9 Evocations


You had 15 spell levels left.
You didn't know any spells.
Your spell library was empty.

Dungeon Overview and Level Annotations

Branches:
Dungeon (12/15) Zot: 642   Temple (0/1) D:7            Lair (5/5) D:8 Zot: 350
 Shoals (0/4) Lair:3        Snake (1/4) Lair:2 Zot: 454   Slime (0/5) Lair:5
  Sewer (visited)           IceCv (visited)
    Orc: D:9-12

Altars:
Ashenzari
Dithmenos
Elyvilon
Fedhas
Makhleb
Nemelex Xobeh
Ru
Uskayaw
Wu Jian
Jiyva

Shops:
D:2 *   D:12 =

Annotations:
D:6 Dowan
D:11 1 runed translucent door, Ekaitz's ghost, journeyman TeAE
Lair:5 exclusion: obsidian statue


Innate Abilities, Weirdness & Mutations

You passively map the area around you.
You are easily found by Zot.
You glow in the dark.
You regain HP and MP as you explore.


Message History

You slice the black mamba!!
You kill the black mamba!
Trog accepts your kill.
You feel sick.
You are more poisoned.
The mana viper bites you but does no damage.
The naga sharpshooter shoots an arrow.
The arrow hits you!
* * * LOW HITPOINT WARNING * * *
You barely miss the naga sharpshooter.
The naga sharpshooter is moderately wounded.
You feel sick.
The mana viper bites you but does no damage.
You closely miss the naga sharpshooter.
The naga sharpshooter is moderately wounded.
You feel sick.
You are more poisoned.
The salamander hits you from afar with a +0 trident.
* * * LOW HITPOINT WARNING * * *
You are engulfed in flames!
* * * LOW HITPOINT WARNING * * *
The naga sharpshooter shoots an arrow.
The arrow barely misses you.
The arrow hits the salamander!!
You hit the naga sharpshooter.
Lightning courses through the naga sharpshooter!
The naga sharpshooter is heavily wounded.
You feel sick.
The mana viper bites you but does no damage.
You closely miss the naga sharpshooter.
The naga sharpshooter is heavily wounded.
You feel sick.
* * * LOW HITPOINT WARNING * * *
You are more poisoned.
The mana viper bites you!
* * * LOW HITPOINT WARNING * * *
You feel your power leaking away.
The naga sharpshooter shoots an arrow.
The arrow hits you but does no damage.
The salamander hits you from afar with a +0 trident!
* * * LOW HITPOINT WARNING * * *
You are engulfed in flames!
You die...

#., ,* * #.* * # *
#.#########*.#
####.........##.####### ,,
, , ,
....................... ,
.###*#.....(....######.##
,
.....#..N............#.##
*
,,,#..................)..#
,##...†@S..............# *
,,###+#N##.............#
*#..SNN#.....####....#
,**, #...).#.###.........#
** *#.....#.# ######....#
, , #?.⌠..#### #....# ,
#.....# *** ***###### ,
,......## , , ,, ,, , ,
.NS...## * ** * *


You could see a naga sharpshooter, a salamander, a naga ritualist (toxic aura),
a mana viper, a black mamba and a naga.

Vanquished Creatures
  A reaper (IceCv)
  2 dire elephants (Lair:5)
  Josephine (Lair:3)
  Harold (D:9)
  Erolcha (D:9)
  3 hydras
  2 catoblepae
  A two-headed ogre (D:12)
  9 death yaks
  A naga sharpshooter (Snake:1)
  A demonic crawler (Lair:5)
  2 skysharks
  A spectral anaconda (Lair:5)
  Pikel (D:8)
  2 mana vipers (Snake:1)
  3 ugly things (D:12)
  A deep elf pyromancer (D:12)
  4 necromancers (Lair:5)
  2 cyclopes
  A salamander (Lair:2)
  2 manticores (D:11)
  Maurice (D:12)
  A torpor snail (Lair:5)
  12 cane toads
  11 black mambas
  12 elephants
  A naga mage (Snake:1)
  An ice statue (IceCv)
  A rime drake (Lair:5)
  3 unseen horrors
  2 kobold demonologists (D:12)
  4 komodo dragons
  An ice devil (IceCv)
  A freezing wraith (IceCv)
  3 trolls
  5 polar bears
  A hornet (D:7)
  A spectral elephant (Lair:5)
  A tyrant leech (Lair:5)
  13 blink frogs
  5 dream sheep (Lair:4)
  2 slime creatures (Lair:5)
  7 wraiths
  2 shadows (D:12)
  5 wyverns
  25 yaks
  A vampire (D:9)
  2 basilisks
  6 death yak simulacra
  A steam dragon (D:7)
  2 harpy simulacra (IceCv)
  A spectral cane toad (Lair:5)
  A swamp worm (Lair:5)
  4 nagas
  3 acid dragons
  10 water moccasins
  A hydra simulacrum (IceCv)
  Duvessa (D:6)
  A black bear (D:8)
  10 orc warriors
  2 ice beasts
  A sky beast (D:8)
  2 elephant zombies (Lair:5)
  26 wolves
  An elephant skeleton (Lair:5)
  13 centaurs
  2 phantoms
  5 kobold brigands
  14 bullfrogs
  3 gnoll sergeants
  4 scorpions
  2 cane toad simulacra (IceCv)
  6 two-headed ogre simulacra (IceCv)
  13 wights
  7 killer bees
  3 elephant simulacra
  4 electric eels
  7 howler monkeys
  4 lava snakes (Lair:2)
  2 jellies (Lair:5)
  3 hounds (D:5)
  12 orc priests
  3 iguanas (D:6)
  6 hell rats (Lair:3)
  3 spriggan simulacra (IceCv)
  6 troll simulacra (IceCv)
  17 orc wizards
  A wolf simulacrum (IceCv)
  16 gnolls
  9 naga simulacra (IceCv)
  14 adders
  A river rat (D:3)
  A shadow imp (D:6)
  22 white imps
  4 ufetubi (IceCv)
  A worm (D:3)
  A dart slug (D:4)
  31 orcs
  4 bats (D:3)
  9 endoplasms
  12 giant cockroaches
  3 goblins
  4 hobgoblins
  7 jackals
  11 quokkas
  12 ball pythons
  6 frilled lizards
  36 kobolds
  5 rats
588 creatures vanquished.

Vanquished Creatures (collateral kills)
  3 dire elephants (Lair:5)
  A black mamba (Snake:1)
  A blink frog (Lair:5)
  2 death yak simulacra (Lair:5)
  An elephant simulacrum (Lair:5)
8 creatures vanquished.

Grand Total: 596 creatures vanquished

Notes
Turn   | Place    | Note
-------+----------+-------------------------------------------
     0 | D:1      | Shard1697 the Meteoran Berserker began the quest for the
                  | Orb.
     0 | D:1      | Reached XP level 1. HP: 19/19 MP: 2/2
   182 | D:1      | Reached XP level 2. HP: 25/26 MP: 3/3
   314 | D:1      | Reached XP level 3. HP: 31/31 MP: 4/4
   434 | D:2      | Reached skill level 5 in Axes
   435 | D:2      | Reached XP level 4. HP: 38/38 MP: 5/5
   506 | D:2      | Found Koliahua's General Store.
   519 | D:2      | Bought a scroll of identify for 20 gold pieces
   699 | D:3      | Reached ** piety under Trog
   736 | D:3      | Found a burning altar of Makhleb.
   816 | D:3      | Reached XP level 5. HP: 26/45 MP: 6/6
   824 | D:3      | HP: 2/45 [gnoll/+0 club (3)]
   984 | D:3      | Found a hide-covered altar of Uskayaw.
  1069 | D:3      | Found a glowing drain.
  1073 | Sewer    | Entered a sewer
  1138 | Sewer    | Reached XP level 6. HP: 41/51 MP: 7/7
  1280 | Sewer    | Reached *** piety under Trog
  1351 | Sewer    | Reached XP level 7. HP: 33/60 MP: 8/8
  1763 | D:4      | Found a broken altar of Ashenzari.
  1764 | D:4      | Found an ornate altar of the Wu Jian Council.
  1764 | D:4      | Found a shadowy altar of Dithmenos.
  1765 | D:4      | Found a sacrificial altar of Ru.
  1826 | D:4      | Reached skill level 5 in Fighting
  1949 | D:5      | Entered Level 5 of the Dungeon
  2138 | D:5      | Reached XP level 8. HP: 70/70 MP: 9/9
  2530 | D:6      | Noticed a wyvern
  2530 | D:6      | Noticed Duvessa
  2531 | D:6      | Noticed Dowan
  2551 | D:5      | Killed a wyvern
  2715 | D:6      | Reached skill level 10 in Axes
  2720 | D:6      | Gained mutation: You passively map the area around you.
                  | [Meteoran growth]
  2720 | D:6      | Reached XP level 9. HP: 79/79 MP: 10/10
  2778 | D:6      | Reached **** piety under Trog
  2795 | D:6      | Found a blossoming altar of Fedhas.
  2986 | D:6      | Killed Duvessa
  3080 | D:6      | Reached XP level 10. HP: 85/91 MP: 11/11
  3187 | D:7      | Found a staircase to the Ecumenical Temple.
  3287 | D:7      | Reached skill level 10 in Fighting
  3403 | D:7      | Paralysed by a hornet for 1 turns
  3549 | D:7      | Found a sparkling altar of Nemelex Xobeh.
  3631 | D:8      | Noticed a komodo dragon
  3646 | D:7      | Reached skill level 5 in Armour
  3735 | D:8      | Reached ***** piety under Trog
  3744 | D:8      | Killed a komodo dragon
  3829 | D:8      | Identified the staff of Sloth {rElec rPois rC+ Ice}
  3863 | D:8      | Reached XP level 11. HP: 99/99 MP: 12/12
  3867 | D:8      | Found a staircase to the Lair.
  3933 | D:8      | Found a white marble altar of Elyvilon.
  4163 | D:9      | Reached skill level 1 in Staves
  4184 | D:8      | Noticed Pikel
  4199 | D:8      | Killed Pikel
  4223 | D:9      | Noticed Erolcha
  4233 | D:9      | Killed Erolcha
  4573 | D:9      | Noticed Harold
  4589 | D:9      | Killed Harold
  4721 | D:9      | Received a gift from Trog
  4821 | D:10     | Entered Level 10 of the Dungeon
  4838 | D:10     | Noticed an eight-headed hydra
  4860 | D:10     | Killed an eight-headed hydra
  4861 | D:10     | Reached skill level 10 in Staves
  4923 | D:10     | Reached XP level 12. HP: 100/106 MP: 13/13
  5144 | D:10     | Reached skill level 1 in Evocations
  5588 | D:11     | Noticed Ekaitz's ghost (journeyman TeAE)
  5617 | D:11     | Found a runed translucent door.
  5776 | D:11     | Identified the +3 leather armour "Gipn" {rF- rC+++ rN+
                  | Will+}
  5983 | D:12     | Identified the +1 leather armour of the Freezing Gods
                  | {SInv}
  6047 | D:12     | Identified the +1 executioner's axe "Hoxtit" {antimagic,
                  | rElec rN+ Stlth-} (Trog gifted it to you on level 12 of the
                  | Dungeon)
  6047 | D:12     | Received a gift from Trog
  6048 | D:12     | Reached skill level 5 in Evocations
  6053 | D:12     | Noticed a sun demon
  6164 | D:12     | Noticed a deep elf pyromancer
  6176 | D:12     | Killed a deep elf pyromancer
  6236 | D:12     | Noticed Maurice
  6253 | D:12     | Killed Maurice
  6254 | D:12     | Reached XP level 13. HP: 113/113 MP: 14/14
  6486 | D:12     | Found Zeomn's Jewellery Shop.
  6647 | D:12     | Noticed a two-headed ogre
  6655 | D:12     | Killed a two-headed ogre
  6810 | Lair:1   | Entered Level 1 of the Lair of Beasts
  6810 | Lair:1   | Found a frozen archway.
  6855 | IceCv    | Entered an ice cave
  7031 | IceCv    | Received a gift from Trog
  7214 | IceCv    | Noticed a reaper
  7236 | IceCv    | Killed a reaper
  7237 | IceCv    | Reached skill level 10 in Armour
  7811 | Lair:2   | Found a blossoming altar of Fedhas.
  7988 | Lair:2   | Found a staircase to the Snake Pit.
  8080 | Lair:3   | Noticed Josephine
  8147 | Lair:3   | Reached skill level 5 in Dodging
  8178 | Lair:3   | Reached XP level 14. HP: 113/124 MP: 15/15
  8185 | Lair:3   | Killed Josephine
  8225 | Lair:3   | Received a gift from Trog
  8339 | Lair:3   | Found a staircase to the Shoals.
  8706 | Lair:4   | Identified the +4 flail "Qekisaez" {heavy, *Rage rPois
                  | Int+4}
  8815 | Lair:4   | Reached skill level 10 in Evocations
  8994 | Lair:4   | Reached skill level 10 in Dodging
  9095 | Lair:5   | Entered Level 5 of the Lair of Beasts
  9172 | Lair:5   | Reached XP level 15. HP: 107/134 MP: 16/16
  9180 | Lair:5   | Received a gift from Trog
  9256 | Lair:5   | Found a viscous altar of Jiyva.
  9257 | Lair:5   | Found a staircase to the Slime Pits.
  9431 | Lair:5   | Reached ****** piety under Trog
  9766 | Lair:5   | Identified the +7 long sword of Hogh {drain, Will++}
  9767 | Lair:5   | Identified the ring of the Demon Prince {rN+ Int-4 Dex+5
                  | SInv}
  9933 | Lair:5   | Identified the +0 scale mail of Jicaonlosk {Dex+4}
  9999 | Lair:4   | Received a gift from Trog
 10070 | Snake:1  | Entered Level 1 of the Snake Pit
 10202 | Snake:1  | Reached XP level 16. HP: 142/146 MP: 17/17
 10244 | Snake:1  | HP: 10/220 [mana viper[a naga ritualist] (10)]
 10244 | Snake:1  | HP: 2/220 [salamander/+0 trident (8)]
 10244 | Snake:1  | Mangled by a salamander

Illustrated notes

Levels and vault maps discovered:
D:1:      minmay_arrival_radiant_lines, layout_basic,
          shapermc_ecumenical_altar_hornbeckon
D:2:      layout_rooms, serial_shops, nicolae_shop_window_shopping, minivault_24
D:3:      layout_loops_ring, lemuel_round_altar, mainiacjoe_overflow_catwalk,
          gup_sewer_entry_spiral
D:4:      layout_basic, chequers_temple_overflow_statue_of_worship
D:5:      layout_layer_cave
D:6:      layout_rooms, overflow_temple_1_default, uniq_duvessa
D:7:      layout_gridville, kennysheep_mini_moat, minmay_temple_entry_grid
D:8:      layout_loops_ring, mainiacjoe_overflow_boulevard,
          due_lair_maze_entry_diamond, uniq_pikel
D:9:      layout_irregular_city, minmay_circle_x, uniq_harold,
          uniq_prince_ribbit1, uniq_erolcha
D:10:     layout_basic, minmay_puff
D:11:     layout_stronghold, david_orc_4, hellmonk_ghost_big_iron
D:12:     layout_irregular_city, nicolae_inconvenience_store, uniq_maurice
Lair:1:   layout_gridlike, portal_ice_cave_entry_imps
Lair:2:   layout_cave_pods, nicolae_snake_entry_warm_welcome, serial_bayou,
          serial_bayou_ford_a, serial_bayou_pond_a, serial_bayou_pond_e,
          serial_bayou_lagoon_b, tgw_fedhas, lemuel_fruit_tree
Lair:3:   layout_regular_city, elwin_shoals_entry_rocks, grunt_megastairs_1,
          uniq_josephine
Lair:4:   layout_cellular_growth, cheibrodos_lair_lostbears, grunt_megastairs_2,
          infiniplex_staircase_pool_2
Lair:5:   due_jungle_book, layout_gridlike, minmay_slime_entry_pillars,
          worms_lemuel, infiniplex_staircase_pool, grunt_megastairs_4,
          lemuel_fruit_fields
Snake:1:  layout_basic, serial_shops, nicolae_shop_tiny_glass,
          grunt_megastairs_3

Skill      XL: |  1  2  3  4  5  6  7  8  9 10 11 12 13 14 15 |
---------------+----------------------------------------------+-----
Axes           | 4 5 6 7 8 10 11 13 14 | 14.9
Fighting       | 4 5 7 9 10 11 12 14 | 14.4
Armour         | 6 7 10 11 | 11.9
Staves         | 10 13 14 | 14.0
Evocations     | 5 8 10 11 | 11.9
Dodging        | 5 10 | 10.3

Action                     |  1- 3 |  4- 6 |  7- 9 | 10-12 | 13-15 | 16-18 || total
---------------------------+-------+-------+-------+-------+-------+-------++-------
  Melee: Hand axe          |    70 |   247 |    79 |       |       |       ||   396
         Punch             |       |     2 |     3 |     4 |       |       ||     9
         War axe           |       |       |   182 |   170 |       |       ||   352
         Lajatang          |       |       |       |   375 |   848 |    32 ||  1255
         Morningstar       |       |       |       |     9 |    10 |       ||    19
         Battleaxe         |       |       |       |       |    51 |       ||    51
 Invoke: Berserk           |     1 |     3 |     3 |     5 |     4 |     1 ||    17
         Trog's Hand       |       |       |       |     2 |       |       ||     2
         Brothers in Arms  |       |       |       |       |     2 |     1 ||     3
  Evoke: Wand              |       |       |       |       |     6 |     1 ||     7
    Use: Scroll            |       |     6 |     6 |    14 |     3 |       ||    29
         Potion            |       |       |     1 |     1 |       |       ||     2
 Armour: Chain mail        |    35 |   169 |   158 |    27 |       |       ||   389
         Animal skin       |     1 |       |       |       |       |       ||     1
         Ring mail         |       |       |       |    35 |       |       ||    35
         Plate armour      |       |       |       |   456 |   624 |    37 ||  1117
         Leather armour    |       |       |       |       |    28 |       ||    28
  Dodge: Dodged            |    31 |   117 |   106 |   214 |   336 |    20 ||   824

Table legend: (Time is in decaauts)
 A = Elapsed time spent in this place.
 B = Non-inter-level travel time spent in this place.
 C = Inter-level travel time spent in this place.
 D = Time resting spent in this place.
 E = Time spent auto-exploring this place.
 F = Levels seen in this place.
 G = Mean time per level.
                   A        B        C        D        E       F      G
               +--------+--------+--------+--------+--------+-----+--------+
         Total |  10165 |   5896 |   4269 |    184 |      0 |  20 |  508.2 |
       Dungeon |   6557 |   3233 |   3324 |     98 |      0 |  12 |  546.4 |
          Lair |   2649 |   1738 |    911 |     48 |      0 |   5 |  529.8 |
     Snake Pit |    144 |    111 |     33 |      3 |      0 |   1 |  144.0 |
         Sewer |    355 |    355 |      0 |      0 |      0 |   1 |  355.0 |
      Ice Cave |    457 |    457 |      0 |     34 |      0 |   1 |  457.0 |
               +--------+--------+--------+--------+--------+-----+--------+

Top non-repeatable levels by time:
    D:12: 833 daAuts
  Lair:5: 832 daAuts
     D:5: 730 daAuts
     D:9: 702 daAuts
  Lair:2: 622 daAuts
     D:3: 588 daAuts
    D:11: 552 daAuts
     D:7: 535 daAuts
    D:10: 517 daAuts
     D:8: 500 daAuts
  Lair:4: 490 daAuts
     D:4: 482 daAuts
     D:6: 476 daAuts
   IceCv: 457 daAuts
  Lair:3: 451 daAuts
